 Dungeon Crawl Stone Soup version 0.31-a0-744-gbc345e7fcb (webtiles) character file.

Game seed: 15581401952624296679

7 Bravepunisher the Ducker (level 1, 0/11 HPs)
             Began as a Spriggan Monk on Sept 13, 2023.
             Slain by an orc
             ... wielding a +0 flail
              (4 damage)
             ... on level 4 of the Dungeon.
             The game lasted 00:02:33 (467 turns).

Bravepunisher the Ducker (Spriggan Monk)             Turns: 467, Time: 00:02:34

Health: 0/11       AC:  2    Str:  7    XL:     1   Next: 91%
Magic:  2/2        EV: 19    Int: 11    God:
Gold:   22         SH:  0    Dex: 17    Spells: 0/0 levels left

rFire   . . .        a - +0 short sword
rCold   . . .        d - orb {light}
rNeg    . . .        b - +0 robe
rPois   .            (helmet restricted)
rElec   .            (no cloak)
rCorr   .            (gloves unavailable)
SInv    +            (boots unavailable)
Will    .....        (no amulet)
Stlth   +            (no ring)
HPRegen 0.21/turn    (no ring)
MPRegen 0.08/turn

%: no passive effects
@: glowing, very quick
A: very small, no large weapons, unfitting armour, see invisible, speed 3
a: no special abilities


You were on level 4 of the Dungeon.
You visited 1 branch of the dungeon, and saw 5 of its levels.

You collected 22 gold pieces.

Inventory:

Hand Weapons
 a - a +0 short sword (weapon)
Armour
 b - a +0 robe (worn)
 d - an orb of light (worn)
Scrolls
 e - a scroll of butterflies {unknown}
 f - a scroll of blinking {unknown}
 g - a scroll of revelation {unknown}
 h - a scroll of teleportation {unknown}
Potions
 c - a potion of ambrosia


   Skills:
 * Level 2.7 Fighting
 - Level 3.2 Short Blades
 + Level 4.2 Dodging


You couldn't memorise any spells.
You didn't know any spells.
Your spell library was empty.

Dungeon Overview and Level Annotations

Branches:
Dungeon (5/15)
 Temple: D:4-7

Altars:

Shops:
D:5 !*


Innate Abilities, Weirdness & Mutations

You are very small and have problems with some larger weapons.
You are too small for most types of armour.
You have supernaturally acute eyesight. (SInv)
You cover ground extremely quickly. (Speed+++)


Message History

The kobold closely misses you.
You hit the kobold.
The kobold is severely wounded.
The kobold misses you.
You barely miss the kobold.
The kobold is severely wounded.
The kobold misses you.
You hit the kobold but do no damage.
The kobold is severely wounded.
The kobold misses you.
You barely miss the kobold.
The kobold is severely wounded.
You hit the kobold.
You kill the kobold!
A goblin comes into view. It is wielding a +0 dagger.
Found an escape hatch in the ceiling.
Found 17 gold pieces.
Found 14 gold pieces.
An orc comes into view. It is wielding a +0 flail.
An orc is nearby!
Found 16 gold pieces.
The orc closely misses you.
You barely miss the orc. You hit the orc but do no damage.
The orc barely misses you.
You hit the orc.
The orc is lightly wounded.
The orc hits you with a +0 flail.
You hit the orc but do no damage.
The orc is lightly wounded.
The orc completely misses you.
You hit the orc but do no damage.
The orc is lightly wounded.
The orc hits you with a +0 flail.
Ouch! That really hurt!
You hit the orc but do no damage.
The orc is lightly wounded.
You barely miss the orc.
The orc is lightly wounded.
The orc hits you with a +0 flail.
You die...

#o# #.. #.##.# #.#
..$#.###<######
#..#...o.o..oo.#
#..#####.#####.# #..# #.#
#..# #.# #o.# #.# #@.#
#.. #..# ### #S.# ..#
#######$.# #.# .........#
#.#
#######.#############.#
#g............#.#
.#.######..##########.#.#
...........# #.#.#


You could see an adder, an orc and a goblin.

Vanquished Creatures
  3 bats (D:3)
  An endoplasm (D:3)
  A giant cockroach (D:1)
  A kobold (D:4)
  A ball python (D:4)
7 creatures vanquished.

Notes
Turn   | Place    | Note
-------+----------+-------------------------------------------
     0 | D:1      | Bravepunisher the Spriggan Monk began the quest for the
                  | Orb.
     0 | D:1      | Reached XP level 1. HP: 11/11 MP: 2/2
    58 | D:3      | Noticed an orc priest
    58 | D:3      | Noticed an orc priest
   158 | D:3      | Identified the +3 pair of gloves of the Everdark {Slay+5}
   265 | D:4      | Noticed an orc wizard
   280 | D:4      | Noticed a phantom
   296 | D:5      | Entered Level 5 of the Dungeon
   296 | D:5      | Noticed an ice beast
   296 | D:5      | Noticed a hound
   296 | D:5      | Found Jaerph's Distillery.
   310 | D:5      | Found Yllipsitt's General Store.
   467 | D:4      | Slain by an orc

Illustrated notes

Levels and vault maps discovered:
D:1:      lightli_arrival_flooded_house, layout_loops_ring
D:2:      layout_rooms, ebering_ecumenical_altar_abandoned,
          minmay_misc_feat_ornament, uniq_sigmund
D:3:      layout_loops_ring, nicolae_overflow_hallway_of_the_gods,
          chequers_arboretum
D:4:      layout_loops_ring
D:5:      old_forge, layout_basic, serial_shops, shop, shop,
          kennysheep_mini_moat, nicolae_stop_n_shop_1, enter_ossuary_4,
          kennysheep_generic_room_10

Action                     || total
---------------------------++-------
  Melee: Short sword       ||    47
 Armour: Robe              ||    28
  Dodge: Dodged            ||    83

Table legend: (Time is in decaauts)
 A = Elapsed time spent in this place.
 B = Non-inter-level travel time spent in this place.
 C = Inter-level travel time spent in this place.
 D = Time resting spent in this place.
 E = Time spent auto-exploring this place.
 F = Levels seen in this place.
 G = Mean time per level.
                   A        B        C        D        E       F      G
               +--------+--------+--------+--------+--------+-----+--------+
         Total |    297 |    297 |      0 |      0 |     48 |   5 |   59.4 |
       Dungeon |    297 |    297 |      0 |      0 |     48 |   5 |   59.4 |
               +--------+--------+--------+--------+--------+-----+--------+

Top non-repeatable levels by time:
     D:3: 130 daAuts
     D:4: 111 daAuts
     D:1: 26 daAuts
     D:5: 14 daAuts
     D:2: 14 daAuts
